Map: Ley Lines

Players

KimChiLoVer - Winner!

  • Race: Terran Terran
  • Spawn Location: 7:00

VOD

Have the link to the VOD?

Description

Time

  • Played on: Aug. 12, 2025, 10:26 p.m.
  • Length: 10:39
Show
View Real Time Build Order
Export as new Build Order

KimChiLoVer Terran - Winner!

Build Orders: Reaper Expand 

Get SALT Encoding   

  12  0:02  SCV  
  12  0:14  SCV  
  12  0:18  Supply Depot  
  12  0:26  SCV  
  12  0:39  SCV  
  12  0:41  Barracks  
  12  0:47  Refinery  
  12  0:51  SCV  
  12  1:03  SCV  
  12  1:15  SCV  
  12  1:27  Orbital Command  
  12  1:29  Reaper  
  12  1:40  Command Center  
  12  1:49  Supply Depot  
  12  1:54  SCV  
  12  2:04  Marine  
  12  2:06  Factory  
  12  2:10  Refinery, SCV  
  12  2:22  SCV  
  12  2:24  Barracks Reactor  
  12  2:36  Barracks  
  12  2:37  Barracks  
  12  2:43  SCV  
  12  2:52  Factory Tech Lab  
  12  2:53  Orbital Command  
  12  2:55  SCV  
  12  3:00  Marine  
  12  3:02  Marine  
  12  3:07  SCV  
  12  3:19  SCV  
  12  3:28  Command Center  
  12  3:29  Marine  
  12  3:32  SCV  
  12  3:39  SCV  
  12  3:40  Stimpack  
  12  3:45  Marine x2  
  12  3:53  Factory Reactor  
  12  3:55  SCV, Starport  
  12  3:57  SCV  
  12  4:01  Engineering Bay  
  12  4:08  Engineering Bay  
  12  4:13  SCV x2  
  12  4:17  Marine x2  
  12  4:18  Marine  
  12  4:28  Terran Infantry Weapons Level 1  
  12  4:29  SCV  
  12  4:30  Supply Depot  
  12  4:34  Terran Infantry Armor Level 1  
  12  4:35  SCV  
  12  4:45  SCV, Orbital Command  
  12  4:48  Refinery, SCV  
  12  4:49  Factory Tech Lab  
  12  4:53  Marine x2  
  12  4:54  Marine  
  12  4:57  SCV, Medivac  
  12  5:00  SCV, Medivac  
  12  5:02  Marine  
  12  5:10  Barracks  
  12  5:11  Marine  
  12  5:13  Barracks  
  12  5:16  Barracks Tech Lab  
  12  5:21  Marine x2  
  12  5:22  Siege Tank  
  12  5:28  SCV x2, Armory  
  12  5:34  Refinery  
  12  5:35  SCV  
  12  5:40  SCV x2  
  12  5:42  Viking  
  12  5:47  Supply Depot  
  12  5:49  Orbital Command  
  12  5:50  Combat Shield  
  12  5:51  Supply Depot  
  12  5:52  Concussive Shells  
  12  6:06  Barracks Tech Lab  
  12  6:11  Barracks Reactor  
  12  6:13  Marauder, Marine x2  
  12  6:14  Marauder  
  12  6:17  Terran Vehicle And Ship Armor Level 1  
  12  6:21  SCV  
  12  6:23  SCV x2  
  12  6:27  Marine  
  12  6:31  Viking, Marine x2  
  12  6:32  Medivac  
  12  6:33  SCV  
  12  6:34  Marine x2  
  12  6:44  Terran Infantry Weapons Level 2  
  12  6:45  SCV, Marine  
  12  6:49  Marine x2  
  12  6:50  Refinery  
  12  6:51  Refinery  
  12  6:52  Marine  
  12  7:01  Supply Depot  
  12  7:03  Command Center  
  12  7:04  Terran Infantry Armor Level 2  
  12  7:06  Supply Depot  
  12  7:15  SCV, Marine  
  12  7:24  Barracks  
  12  7:27  SCV x3, Barracks x2  
  12  7:29  Supply Depot x2  
  12  7:36  Viking, Medivac  
  12  7:39  SCV  
  12  7:41  Starport  
  12  7:48  Marine x6  
  12  7:51  SCV  
  12  7:52  SCV x2  
  12  7:54  Supply Depot  
  12  7:57  Supply Depot  
  12  8:01  Siege Tank  
  12  8:03  SCV  
  12  8:04  SCV  
  12  8:08  Medivac  
  12  8:09  Viking  
  12  8:15  SCV  
  12  8:20  Orbital Command  
  12  8:23  Supply Depot  
  12  8:26  Supply Depot  
  12  8:27  SCV, Barracks Reactor, Barracks Tech Lab  
  12  8:29  Barracks Reactor  
  12  8:30  Marine x2  
  12  8:31  Marine x5  
  12  8:44  Medivac  
  12  8:45  Viking  
  12  8:46  Marine  
  12  8:48  Marine x4  
  12  8:49  Marine x2  
  12  8:50  Starport Reactor  
  12  8:53  SCV x4  
  12  8:58  Siege Tank  
  12  9:04  Supply Depot  
  12  9:05  SCV x2  
  12  9:06  Supply Depot  
  12  9:16  Marauder  
  12  9:17  Marauder  
  12  9:19  Command Center  
  12  9:21  Viking  
  12  9:40  Supply Depot  
  12  9:50  Marauder x4, Marine x7  
  12  9:59  Command Center  
  12  10:00  Marine  
  12  10:07  Marine  
  12  10:08  Marine  
  12  10:11  Marauder x4  
  12  10:17  Marine  
  12  10:18  Marine  
Tags
 
Add a new tag
Caveats
  • Supply blocks, unpowered buildings, or Contaminate may cause inaccurate times.
  • Supply counts are checked every 10 seconds.